 Dungeon Crawl Stone Soup version 0.30.0-5-g1a98f26d00 (webtiles) character file.

Game seed: 3876958577295369682

19835 Sabo the Cleaver (level 12, -7/63 HPs)
             Began as a Vine Stalker Fighter on May 12, 2023.
             Was a Follower of Ashenzari.
             Killed from afar by an acid dragon (13 damage)
             ... with a splash of acid
             ... on level 13 of the Dungeon.
             The game lasted 01:14:08 (13216 turns).

Sabo the Cleaver (Vine Stalker Fighter)            Turns: 13216, Time: 01:14:09

Health: -7/63      AC: 18    Str: 22    XL:     12   Next: 73%
Magic:  0/13       EV: 17    Int:  8    God:    Ashenzari [*.....]
Gold:   1200       SH: 11    Dex: 16    Spells: 11/11 levels left

rFire   + . .        C - +9 dagger of Triumph {drain, Will++ Stlth-}
rCold   . . .        D - +0 kite shield
rNeg    . . .        G - +4 scale mail {rPois}
rPois   +            s - +0 helmet
rElec   .            w - +0 cloak
rCorr   .            b - +2 pair of gloves "Vision of the Bound God" {Cun, Alch} (curse)
SInv    .            (no boots)
Will    +++..        k - amulet of magic regeneration Stlth
                     d - ring of the Cursed Ether {EV+5, Comp, Elem} (curse)
HPRegen 1.10/turn    o - ring of protection from fire
MPRegen 0.53/turn

%: guardian spirit
@: no status effects
A: fangs 3, regeneration 1, magic shield, antimagic bite, no potion heal 2
a: Renounce Religion, Curse Item, Shatter the Chains


You were on level 13 of the Dungeon.
You worshipped Ashenzari.
Ashenzari was aware of your devotion.
You visited 1 branch of the dungeon, and saw 13 of its levels.
You also visited: Bailey.

You collected 1200 gold pieces.

Inventory:

Hand Weapons
 p - a +5 long sword
 v - a +3 quarterstaff of chaos
 x - a +0 longbow of electrocution
 C - the +9 dagger of Triumph (weapon) {drain, Will++ Stlth-}
   (You took it off an orc priest on level 8 of the Dungeon)

   Will:      It greatly increases your willpower.
   Stlth:     It makes you less stealthy.
 E - a +4 halberd
 H - a +3 scimitar of flaming
Missiles
 c - 4 javelins
 i - 24 poisoned darts (quivered)
 t - 3 datura-tipped darts
 y - 7 throwing nets
Armour
 b - the cursed +2 pair of gloves "Vision of the Bound God" (worn) {Cun, Alch}
   (You found it on level 2 of the Dungeon)

   It has a curse which improves the following skills: Cunning: Dodging and
   Stealth.
   Alchemy:   Poison Magic and Transmutations.
 s - a +0 helmet (worn)
 w - a +0 cloak (worn)
 D - a +0 kite shield (worn)
 F - a +3 plate armour of poison resistance
 G - a +4 scale mail of poison resistance (worn)
Jewellery
 a - a ring of protection from cold
 d - the cursed ring of the Cursed Ether (left hand) {EV+5, Comp, Elem}
   (You found it on level 2 of the Dungeon)

   [ring of evasion]

   EV:        It affects your evasion (+5).
   It has a curse which improves the following skills: Companions: Summonings
   and Necromancy.
   Elements:  Fire Magic, Ice Magic, Air Magic and Earth Magic.
 k - an amulet of magic regeneration (around neck)
 o - a ring of protection from fire (right hand)
 A - a ring of fire
Wands
 h - a wand of iceblast (15)
 u - a wand of paralysis (26)
Scrolls
 e - 10 scrolls of teleportation
 n - 2 scrolls of silence
 r - a scroll of fog
 B - a scroll of blinking
Potions
 f - 3 potions of haste
 j - 6 potions of curing
 m - 2 potions of invisibility
 q - 2 potions of mutation
 z - 4 potions of flight
Miscellaneous
 g - a box of beasts (inert)


   Skills:
 + Level 7.4 Fighting
 + Level 6.4(7.4) Short Blades
 + Level 5.7(7.1) Long Blades
 + Level 8.6 Axes
 + Level 7.6 Armour
 + Level 5.8(6.6) Dodging
 + Level 3.6(4.3) Stealth
 + Level 8.4 Shields


You had 11 spell levels left.
You didn't know any spells.
Your spell library contained the following spells:

 Spells                   Type           Power      Damage    Failure   Level
 Poisonous Vapours        Pois/Air       0%         N/A       96%         2
 Sublimation of Blood     Necr           0%         N/A       96%         2
 Wereblood                Tmut           0%         N/A       96%         2
 Mephitic Cloud           Conj/Pois/Air  0%         N/A       99%         3
 Fireball                 Conj/Fire      0%         3d3       100%        5
 Freezing Cloud           Conj/Ice/Air   0%         6-21      100%        5
 Iskenderun's Battlesphe  Conj           0%         2d6       100%        5
 Summon Forest            Summ/Tloc      0%         N/A       100%        5
 Summon Mana Viper        Hex/Summ       0%         N/A       100%        5
 Conjure Ball Lightning   Conj/Air       0%         3x3d6     100%        6
 Summon Cactus Giant      Summ           0%         N/A       100%        6
 Orb of Destruction       Conj           0%         9d5       100%        7
 Summon Hydra             Summ           0%         N/A       100%        7


Dungeon Overview and Level Annotations

Branches:
Dungeon (13/15)            Temple (0/1) D:7            Lair (0/5) D:11
    Orc (0/2) D:11         Bailey (visited)
 Vaults: D:13-14

Altars:
Ashenzari
Elyvilon
Nemelex Xobeh
Ru
Uskayaw
Xom
Zin

Shops:
D:1 (   D:3 [   D:5 :   D:10 :

Portals:
Trove: D:11 (give +5 demon trident)


Innate Abilities, Weirdness & Mutations

You have razor-sharp teeth.
Your natural rate of healing is unusually fast.
When hurt, damage is shared between your health and your magic reserves.
Your bite disrupts and absorbs the magic of your enemies.
Potions cannot restore your health.


Message History

You block the death drake's attack.
You hit the centaur warrior. Your bite misses the centaur warrior.
The centaur warrior is heavily wounded.
The centaur warrior hits you with a staff of death!
* * * LOW HITPOINT WARNING * * *
The centaur warrior kicks you but does no damage.
You block the death drake's attack.
You hit the centaur warrior. You bite the centaur warrior. You drain its power.
You feel invigorated.
The centaur warrior is severely wounded.
The centaur warrior hits you with a staff of death.
* * * LOW HITPOINT WARNING * * *
The centaur warrior kicks you but does no damage.
You block the death drake's attack.
You hit the centaur warrior. You drain the centaur warrior.
You bite the centaur warrior. You drain its power.
You feel invigorated.
The centaur warrior is severely wounded.
You block the centaur warrior's attack.
The centaur warrior kicks you but does no damage.
You hit the centaur warrior. You drain the centaur warrior.
You bite the centaur warrior.
You kill the centaur warrior!
The centaur warrior wields a +0 longbow.
The centaur warrior shoots an arrow.
You block the arrow. The death drake bites you.
* * * LOW HITPOINT WARNING * * *
The centaur warrior wields a +0 longbow.
The centaur warrior shoots an arrow.
The arrow hits you.
* * * LOW HITPOINT WARNING * * *
A vampire mosquito and a tengu warrior come into view.
The vampire mosquito buzzes angrily.
The glowing orange brain turns its attention towards you.
The tengu warrior shouts!
The centaur warrior unwields a +0 longbow.
The centaur warrior misses you. The centaur warrior closely misses you.
The centaur warrior unwields a +0 longbow.
The centaur warrior closely misses you. x2
The acid dragon spits acid at you. The splash of acid hits you!!
You die...

#.#.##.####
#####..........
#....>.....#.##
#..............
#..........#.##
#..........#.# Q#
#......y...#.###...#
#.........GccD.....#
#..........#@##
#..........#k#
#..........#.#
###.###.####Q# #.#
#.# #c# #.# .# #T#
#H
#.###.####H###..QT
#.......##QH.O..#
#.......##†##.....


You could see a death drake (drained), 3 tengu warriors, a glowing orange brain,
2 centaur warriors, 2 manticores, a troll, an acid dragon (catching breath), a
vampire mosquito and a centaur.

Vanquished Creatures
  Snorg (D:10)
  A hydra (D:13)
  3 centaur warriors
  A boulder beetle (D:13)
  6 two-headed ogres
  Pikel (D:4)
  A cyclops (D:13)
  Maggie (D:6)
  An unseen horror (D:10)
  A yaktaur (shapeshifter) (D:13)
  A rime drake (shapeshifter) (D:13)
  A komodo dragon (D:13)
  Psyche (D:10)
  An efreet (D:13)
  3 trolls
  A hornet (D:13)
  Prince Ribbit (D:6)
  Sigmund (D:2)
  A spriggan (shapeshifter) (D:13)
  12 yaks
  3 wyverns (D:11)
  A shadow (D:10)
  3 wraiths
  2 steam dragons (D:8)
  7 water moccasins
  6 orc warriors
  4 black bears
  6 ogres
  4 centaurs
  9 wolves
  3 kobold brigands
  2 lemures (D:4)
  A bullfrog (D:8)
  8 gnoll sergeants
  3 scorpions
  3 wights (D:6)
  6 killer bees
  6 howler monkeys
  An electric eel (D:10)
  2 jellies (D:6)
  4 hounds
  Crazy Yiuf (D:5)
  6 gnoll boudas (Bailey)
  8 orc priests
  An iguana (D:5)
  8 orc wizards
  2 sleepcaps (D:7)
  Robin (D:4)
  10 adders
  21 gnolls
  A shadow imp (D:6)
  A white imp (D:6)
  An ufetubus (D:7)
  2 worms
  A dart slug (D:1)
  26 orcs
  10 bats
  6 endoplasms
  6 giant cockroaches
  19 goblins
  7 hobgoblins
  2 jackals (D:1)
  5 quokkas
  6 ball pythons
  5 frilled lizards
  35 kobolds
  9 rats
324 creatures vanquished.

Vanquished Creatures (others)
  A deep elf pyromancer (D:13)
1 creature vanquished.

Grand Total: 325 creatures vanquished

Notes
Turn   | Place    | Note
-------+----------+-------------------------------------------
     0 | D:1      | Sabo the Vine Stalker Fighter began the quest for the Orb.
     0 | D:1      | Reached XP level 1. HP: 11/11 MP: 2/2
    98 | D:1      | Reached XP level 2. HP: 16/16 MP: 3/3
   549 | D:1      | Reached XP level 3. HP: 17/19 MP: 2/4
   714 | D:1      | Found Qusomet's Weapon Shop.
  1037 | D:2      | Noticed Sigmund
  1044 | D:2      | Killed Sigmund
  1045 | D:2      | Reached skill level 1 in Dodging
  1045 | D:2      | Gained mutation: Your natural rate of healing is unusually
                  | fast. [Vine Stalker growth]
  1045 | D:2      | Reached XP level 4. HP: 16/24 MP: 3/5
  1045 | D:2      | Reached XP level 5. HP: 19/28 MP: 3/6
  1413 | D:2      | Reached XP level 6. HP: 32/32 MP: 7/7
  2037 | D:3      | Found a sparkling altar of Nemelex Xobeh.
  2302 | D:3      | Found a broken altar of Ashenzari.
  2451 | D:3      | Became a worshipper of Ashenzari the Shackled
  2913 | D:3      | Found Faudyqab's Antique Armour Shop.
  3016 | D:4      | Noticed Robin
  3029 | D:4      | Killed Robin
  3065 | D:4      | Noticed Pikel
  3081 | D:4      | Killed Pikel
  3082 | D:4      | Reached skill level 5 in Axes
  3082 | D:4      | Reached XP level 7. HP: 16/37 MP: 8/8
  3259 | D:4      | Found a glowing silver altar of Zin.
  3503 | D:4      | Found a white marble altar of Elyvilon.
  3632 | D:5      | Entered Level 5 of the Dungeon
  3632 | D:5      | Found Sadehu's Book Shop.
  3749 | D:5      | Gained mutation: You have razor-sharp teeth. [Vine Stalker
                  | growth]
  3749 | D:5      | Reached XP level 8. HP: 42/42 MP: 9/9
  4105 | D:5      | Found a runed translucent door.
  4106 | D:5      | Noticed Crazy Yiuf
  4112 | D:5      | Killed Crazy Yiuf
  4625 | D:6      | Reached XP level 9. HP: 46/46 MP: 10/10
  4967 | D:6      | Noticed Maggie
  4990 | D:6      | Killed Maggie
  4991 | D:6      | Reached skill level 1 in Stealth
  5034 | D:6      | Noticed Prince Ribbit
  5049 | D:6      | Killed Prince Ribbit
  5050 | D:6      | Reached skill level 1 in Long Blades
  5169 | D:6      | Identified the +0 ring mail "Zutick" {rPois Int+2}
  5240 | D:6      | Found a sacrificial altar of Ru.
  5254 | D:6      | Found a shimmering altar of Xom.
  5286 | D:6      | Reached skill level 5 in Fighting
  5569 | D:7      | Reached * piety under Ashenzari
  5793 | D:7      | Found a staircase to the Ecumenical Temple.
  6184 | D:8      | Reached skill level 5 in Armour
  6224 | D:8      | Reached XP level 10. HP: 51/51 MP: 11/11
  6358 | D:8      | Reached skill level 5 in Long Blades
  6363 | D:8      | Identified the +9 dagger of Triumph {drain, Will++ Stlth-}
  6425 | D:8      | Noticed a centaur warrior
  6439 | D:8      | Killed a centaur warrior
  6497 | D:8      | You fall into a shaft and drop 1 floor!
  6598 | D:9      | Found a flagged portal.
  6616 | Bailey   | Entered a bailey
  6796 | Bailey   | Reached skill level 1 in Short Blades
  7229 | Bailey   | Reached skill level 5 in Shields
  7779 | D:9      | Identified the +3 robe "Iwkuont" {-Tele Str+3 Int+3 Stlth+}
  7795 | D:9      | Reached XP level 11. HP: 56/57 MP: 12/12
  7872 | D:9      | Noticed a two-headed ogre
  7888 | D:9      | Killed a two-headed ogre
  8464 | D:10     | Entered Level 10 of the Dungeon
  8648 | D:10     | Found Tuvyat's Book Shop.
  8830 | D:10     | Noticed Snorg
  8848 | D:10     | Killed Snorg
  8941 | D:10     | Noticed Psyche
  8949 | D:10     | Killed Psyche
  9516 | D:10     | Found a hide-covered altar of Uskayaw.
  9744 | D:11     | Noticed a two-headed ogre
  9755 | D:11     | Killed a two-headed ogre
 10154 | D:11     | Found a staircase to the Lair.
 10156 | D:11     | Noticed a two-headed ogre
 10163 | D:11     | Killed a two-headed ogre
 10249 | D:11     | Reached skill level 5 in Dodging
 10260 | D:11     | Reached skill level 5 in Short Blades
 10547 | D:11     | Found a staircase to the Orcish Mines.
 11140 | D:11     | Reached XP level 12. HP: 62/63 MP: 13/13
 11142 | D:11     | Noticed a two-headed ogre
 11155 | D:11     | Killed a two-headed ogre
 11618 | D:11     | Found a portal to a secret trove of treasure.
 12742 | D:13     | Noticed a centaur warrior
 12757 | D:13     | Killed a centaur warrior
 13071 | D:13     | Noticed a two-headed ogre
 13071 | D:13     | Noticed a boulder beetle
 13092 | D:13     | Noticed a boulder beetle
 13097 | D:13     | Killed a two-headed ogre
 13098 | D:13     | Noticed a boulder beetle
 13140 | D:13     | Noticed a six-headed hydra
 13154 | D:13     | Killed a six-headed hydra
 13158 | D:13     | Noticed a tengu warrior
 13164 | D:13     | Killed a boulder beetle
 13165 | D:13     | Noticed a tengu warrior
 13169 | D:13     | Noticed a two-headed ogre
 13179 | D:13     | Noticed a centaur warrior
 13187 | D:13     | Killed a two-headed ogre
 13189 | D:13     | Noticed a centaur warrior
 13192 | D:13     | HP: 2/63 [death drake (shapeshifter) (3)]
 13193 | D:13     | Noticed a centaur warrior
 13215 | D:13     | Killed a centaur warrior
 13216 | D:13     | Noticed a tengu warrior
 13216 | D:13     | Killed from afar by an acid dragon

Illustrated notes

Levels and vault maps discovered:
D:1:      psy_arrival_fountain, layout_loops_cross, serial_shops,
          nicolae_shop_waterfront, minivault_27, minmay_tromino_v2
D:2:      layout_basic, dreamdust_princess_corridor,
          minmay_fractal_squares_gapless_5, uniq_sigmund
D:3:      layout_loops_ring, mainiacjoe_overflow_alcove_2,
          overflow_temple_1_default, serial_shops, shop,
          hangedman_decor_opposing, minivault_24, grunt_ministairs_11
D:4:      layout_cave_pools, mainiacjoe_overflow_alcove_4, zin_statuary,
          uniq_robin, uniq_pikel
D:5:      layout_cave_pods, serial_column_ruins, column_ruins_hut,
          column_ruins_hut, column_ruins_open_small, column_ruins_grid_3,
          column_ruins_open_small_water, column_ruins_open_medium,
          column_ruins_grid_1, column_ruins_corridor_dead_end, minivault_24,
          minivault_23, kennysheep_another_room, nicolae_stop_n_shop_2,
          uniq_crazy_yiuf_cottage
D:6:      black_bear_nest_2, layout_loops_cross, mainiacjoe_overflow_swirl,
          minmay_diced_spiral, uniq_maggie, uniq_prince_ribbit1
D:7:      layout_loops_ring, minmay_temple_entry_grid
D:8:      layout_basic, roderic_serpentine_path, minmay_chambers_of_fives,
          uniq_erica
D:9:      kennysheep_kobold_camp, layout_basic, enter_bailey_5
D:10:     layout_basic, mainiacjoe_overflow_catwalk, serial_shops,
          nicolae_shop_behind_doors, uniq_psyche, uniq_snorg
D:11:     layout_grid_maze, minmay_lair_entry_grove,
          minmay_orc_entry_temple_small, enter_trove_1
D:12:     layout_gridville
D:13:     minmay_the_grid_square_5x5_4x4_mashed
          [minmay_the_grid_square_5x5_six_small,
          minmay_the_grid_square_5x5_misaligned, minmay_the_grid_square_5x5_tie,
          minmay_the_grid_square_5x5_mess, minmay_the_grid_square_5x5_inner_z,
          minmay_the_grid_square_5x5_prize_gold,
          minmay_the_grid_square_5x5_prize_waves, minmay_the_grid_square_5x5_n,
          minmay_the_grid_square_5x5_lines,
          minmay_the_grid_square_5x5_prize_itemx,
          minmay_the_grid_square_5x5_prize_pseudospiral,
          minmay_the_grid_square_5x5_slash,
          minmay_the_grid_square_5x5_half_checkered,
          minmay_the_grid_square_5x5_gyroscope,
          minmay_the_grid_square_5x5_seven,
          minmay_the_grid_square_5x5_broken_cross], layout_rooms

Skill      XL: |  1  2  3  4  5  6  7  8  9 10 11 12 |
---------------+-------------------------------------+-----
Axes           | 2 3 4 5 6 8 |  8.6
Fighting       | 3 4 5 6 7 |  7.4
Armour         | 3 4 5 7 |  7.6
Dodging        | 1 2 4 5 |  5.8
Shields        | 3 5 7 8 |  8.4
Stealth        | 1 2 3 |  3.6
Long Blades    | 4 5 |  5.7
Short Blades   | 2 5 6 |  6.4

Action                     |  1- 3 |  4- 6 |  7- 9 | 10-12 || total
---------------------------+-------+-------+-------+-------++-------
  Melee: War axe           |    59 |   108 |    82 |       ||   249
         Bite              |     6 |    29 |    66 |   296 ||   397
         Long sword        |       |       |   136 |    64 ||   200
         Dagger            |       |       |       |   774 ||   774
 Invoke: Curse Item        |       |       |     2 |       ||     2
  Evoke: Box of beasts     |       |       |       |     1 ||     1
    Use: Scroll            |     2 |     3 |     7 |     6 ||    18
         Potion            |     1 |       |     1 |       ||     2
   Stab: Sleeping          |       |       |     1 |       ||     1
 Armour: Scale mail        |    25 |       |       |   171 ||   196
         Chain mail        |    22 |    61 |    37 |       ||   120
         Swamp dragon scal |       |       |    51 |   107 ||   158
  Dodge: Dodged            |    38 |   104 |   201 |   730 ||  1073
  Block: Buckler           |    21 |    29 |    47 |    25 ||   122
         Kite shield       |       |       |       |   522 ||   522
